 Dungeon Sprint DCSS version 0.27-a0-590-g94244163b4 (webtiles) character file.

Game seed: 12700074624876087041

47096 wakim the Warrior (level 14, -8/146 HPs)
             Began as a Minotaur Fighter on Mar 10, 2021.
             Was the Champion of Qazlal.
             Mangled by an apis (14 damage)
             ... in the Dungeon (Sprint V: "Ziggurat Sprint").
             The game lasted 00:11:11 (1625 turns).

wakim the Warrior (Minotaur Fighter)                Turns: 1625, Time: 00:11:12

Health: -8/146     AC: 49    Str: 29    XL:     14   Next: 7%
Magic:  1/35       EV:  4    Int:  5    God:    Qazlal [******]
Gold:   0          SH: 42    Dex: 10    Spells: 13/13 levels left

rFire    + + +     SeeInvis .   G - +8 lance "Wyrmbane" {slay drac, rPois rF+ rC+ AC+3}
rCold    + . .     Faith    .   F - +18 shield of the Gong {rElec rN+ Will+ EV-5}
rNeg     + + +     Spirit   .   E - +15 Maxwell's patent armour {-Cast -Tele rElec Will+ rCorr}
rPois    +         Reflect  .   (helmet restricted)
rElec    +         Harm     .   p - +0 cloak {Will+}
rCorr    +         Rampage  .   P - +2 pair of gloves {Str+3}
Will     +++++     NoTele   +   U - +2 pair of boots {Fly} Stlth ..........NoCast +
                                R - amulet "Foodytis" {Fragile rN++ Will+ Regen+}
HPRegen  1.34/turn              J - ring of willpower
MPRegen  0.24/turn              M - ring of Lies {rElec rF++ MP+9}

@: protected from physical damage, flying, glowing, studying 2 skills, repel
missiles
A: horns 2, retaliatory headbutt
a: Stop Flying, Renounce Religion, Upheaval, Elemental Force, Disaster Area


You were in the Dungeon.
You worshipped Qazlal.
Qazlal was exalted by your worship.
You visited 1 branch

Inventory:

Hand Weapons
 a - a +5 triple sword
 m - a +5 executioner's axe
 G - the +8 lance "Wyrmbane" (weapon) {slay drac, rPois rF+ rC+ AC+3}
   (You found it in the Dungeon)

   It affects your AC (+3).
   It protects you from fire.
   It protects you from cold.
   It protects you from poison.
 H - the +9 sword of Zonguldrok {reap}
   (You found it in the Dungeon)

   If a monster killed with it leaves a corpse in good enough shape, the corpse
   is reanimated as a zombie friendly to the killer.
Armour
 p - a +0 cloak of willpower (worn)
 E - the +15 Maxwell's patent armour (worn) {-Cast -Tele rElec Will+ rCorr}
   (You found it in the Dungeon)

   It insulates you from electricity.
   It affects your willpower, your defense against some magical effects.
   It prevents spellcasting.
   It prevents most forms of teleportation.
   It provides partial protection from all sources of acid and corrosion.
 F - the +18 shield of the Gong (worn) {rElec rN+ Will+ EV-5}
   (You found it in the Dungeon)

   It affects your evasion (-5).
   It insulates you from electricity.
   It protects you from negative energy.
   It affects your willpower, your defense against some magical effects.
 P - a +2 pair of gloves of strength (worn)
 S - a +1 cloak of preservation
 U - a +2 pair of boots of flying (worn)
Jewellery
 c - the amulet "Wuipt" {Spirit +Inv Int-3 Stlth+}
   (You found it in the Dungeon)

   [amulet of guardian spirit]

   It causes incoming damage to be split between your health and magic.
   It affects your intelligence (-3).
   It lets you turn invisible.
   It makes you more stealthy.
 k - the amulet of Yendor {rC- Regen+ Str+5}
   (You found it in the Dungeon)

   [amulet of regeneration]

   It affects your strength (+5).
   It makes you vulnerable to cold.
   It increases your rate of regeneration.
 l - a ring of poison resistance
 o - the ring "Genoppeh" {rC+ rN+}
   (You found it in the Dungeon)

   [ring of positive energy]

   It protects you from cold.
   It protects you from negative energy.
 q - a +6 ring of strength
 r - a +6 ring of strength
 I - the amulet of Vitality {Regen+ HP+15}
   (You found it in the Dungeon)

   [amulet of regeneration]

   It affects your health (+15).
   It increases your rate of regeneration.
 J - a ring of willpower (right hand)
 K - a ring of willpower
 M - the ring of Lies (left hand) {rElec rF++ MP+9}
   (You found it in the Dungeon)

   [ring of magical power]

   It greatly protects you from fire.
   It insulates you from electricity.
   It affects your magic capacity (+9).
 N - the amulet "Oklamp" {Faith rElec rF- Str+5 Int+2}
   (You found it in the Dungeon)

   [amulet of faith]

   It allows you to gain divine favour quickly.
   It affects your strength (+5).
   It affects your intelligence (+2).
   It makes you vulnerable to fire.
   It insulates you from electricity.
 Q - a +4 ring of protection
 R - the amulet "Foodytis" (around neck) {Fragile rN++ Will+ Regen+}
   (You found it in the Dungeon)

   [amulet of regeneration]

   It greatly protects you from negative energy.
   It affects your willpower, your defense against some magical effects.
   It increases your rate of regeneration.
   It will be destroyed if unequipped.
Wands
 s - a wand of mindburst (7)
 t - a wand of iceblast (7)
 u - a wand of acid (7)
Scrolls
 b - a scroll of brand weapon
 j - 4 scrolls of blinking
 n - 4 scrolls of enchant weapon
 y - 4 scrolls of amnesia
 A - 7 scrolls of fog
 B - a scroll of holy word
 C - 5 scrolls of identify
 D - a scroll of fear
Potions
 d - 6 potions of might
 e - 10 potions of curing
 f - 10 potions of heal wounds
 g - 6 potions of haste
 h - 7 potions of magic
 i - 3 potions of berserk rage
 v - 2 potions of brilliance
 w - 2 potions of invisibility
 x - 4 potions of resistance
 z - a potion of experience


   Skills:
 + Level 19.6 Fighting
 + Level 19.4 Maces & Flails
 + Level 19.6 Armour
 + Level 19.5 Shields
 * Level 18.5 Invocations


You had 13 spell levels left.
You didn't know any spells.
Your spell library contained the following spells:

 Spells                   Type           Power      Damage    Failure   Level
 Beastly Appendage        Tmut           0%         N/A       93%         1
 Corona                   Hex            0%         N/A       93%         1
 Magic Dart               Conj           0%         1d3       93%         1
 Pain                     Necr           0%         1d4       93%         1
 Sandblast                Erth           0%         2d4       93%         1
 Blink                    Tloc           N/A        N/A       98%         2
 Call Imp                 Summ           0%         N/A       98%         2
 Corpse Rot               Necr/Air       N/A        N/A       98%         2
 Ensorcelled Hibernation  Hex/Ice        0%         N/A       98%         2
 Passwall                 Tmut/Erth      0%         N/A       98%         2
 Searing Ray              Conj           0%         3d3       98%         2
 Sublimation of Blood     Necr           0%         N/A       98%         2
 Wereblood                Tmut           0%         N/A       98%         2
 Call Canine Familiar     Summ           0%         N/A       100%        3
 Confusing Touch          Hex            0%         N/A       100%        3
 Dazzling Flash           Conj/Hex       0%         N/A       100%        3
 Gell's Gravitas          Tloc           0%         N/A       100%        3
 Portal Projectile        Hex/Tloc       0%         N/A       100%        3
 Spider Form              Tmut/Pois      0%         N/A       100%        3
 Stone Arrow              Conj/Erth      0%         3d7       100%        3
 Tukima's Dance           Hex            0%         N/A       100%        3
 Animate Armour           Summ/Erth      0%         N/A       100%        4
 Cause Fear               Hex            0%         N/A       100%        4
 Fulminant Prism          Conj/Hex       0%         3d6       100%        4
 Ice Form                 Ice/Tmut       0%         N/A       100%        4
 Iskenderun's Mystic Bla  Conj/Tloc      0%         2d3       100%        4
 Leda's Liquefaction      Hex/Erth       0%         N/A       100%        4
 Manifold Assault         Tloc           0%         N/A       100%        4
 Passage of Golubria      Tloc           N/A        N/A       100%        4
 Petrify                  Tmut/Erth      0%         N/A       100%        4
 Agony                    Necr           0%         N/A       100%        5
 Blade Hands              Tmut           0%         N/A       100%        5
 Bolt of Magma            Conj/Fire/Erth 0%         4d4       100%        5
 Irradiate                Conj/Tmut      0%         3d13      100%        5
 Lee's Rapid Deconstruct  Erth           0%         3d5*      100%        5
 Silence                  Hex/Air        0%         N/A       100%        5
 Summon Forest            Summ/Tloc      0%         N/A       100%        5
 Yara's Violent Unravell  Hex/Tmut       0%         3d3       100%        5
 Death Channel            Necr           0%         N/A       100%        6
 Dispersal                Tloc           0%         N/A       100%        6
 Eringya's Noxious Bog    Tmut/Pois      0%         N/A       100%        6
 Hydra Form               Tmut           0%         N/A       100%        6
 Iron Shot                Conj/Erth      0%         9d1       100%        6
 Simulacrum               Ice/Necr       0%         N/A       100%        6
 Statue Form              Tmut/Erth      0%         N/A       100%        6
 Dragon Form              Tmut           0%         N/A       100%        7
 Haunt                    Necr/Summ      0%         N/A       100%        7
 Malign Gateway           Summ/Tloc      0%         N/A       100%        7
 Monstrous Menagerie      Summ           0%         N/A       100%        7
 Summon Hydra             Summ           0%         N/A       100%        7
 Borgnjor's Revivificati  Necr           0%         N/A       100%        8
 Chain Lightning          Conj/Air       0%         N/A       100%        8
 Discord                  Hex            0%         N/A       100%        8
 Disjunction              Tloc           0%         N/A       100%        8
 Infestation              Necr           0%         N/A       100%        8
 Lehudib's Crystal Spear  Conj/Erth      0%         10d2      100%        8
 Necromutation            Tmut/Necr      0%         N/A       100%        8
 Summon Horrible Things   Summ           0%         N/A       100%        8
 Absolute Zero            Ice            0%         ∞         100%        9
 Death's Door             Necr           0%         N/A       100%        9
 Dragon's Call            Summ           0%         N/A       100%        9
 Fire Storm               Conj/Fire      0%         5d1       100%        9
 Shatter                  Erth           0%         3d5*      100%        9


Dungeon Overview and Level Annotations

Branches:
Dungeon (1/1)

Altars:
Ashenzari
Cheibriados
Dithmenos
Elyvilon
Fedhas
Gozag
Hepliaklqana
Kikubaaqudgha
Makhleb
Nemelex Xobeh
Okawaru
Qazlal
Ru
Sif Muna
Trog
Uskayaw
Vehumet
Wu Jian
Xom
Yredelemnul
Zin
The Shining One
Beogh
Jiyva
Lugonu


Innate Abilities, Weirdness & Mutations

You have a pair of horns on your head.
You reflexively headbutt those who attack you in melee.


Message History

BONNNG!
You block the angel's attack.
GONNNNG!
You block the angel's attack.
GONNNNG!
You block the angel's attack.
BONNNG!
The apis gores you but does no damage.
The angel hits you with a +3 whip of holy wrath!
* * * LOW HITPOINT WARNING * * *
You feel more protected from physical attacks.
The angel hits you but does no damage. You block the angel's attack.
GONNNNG!
The angel hits you but does no damage. The apis gores you but does no damage.
You impale the angel!!
You headbutt the angel, but do no damage.
The angel is moderately wounded.
You block the angel's attack.
BONNNG!
You block the angel's attack.
PANG!
You block the angel's attack.
BONNNG!
The angel hits you but does no damage. The apis gores you but does no damage.
The angel hits you but does no damage. You block the angel's attack.
PTOANNNG!
You puncture the apis! Your headbutt misses the apis.
The apis is moderately wounded.
You block the angel's attack.
GONNNNG!
You block the angel's attack.
GONNNNG!
You block the angel's attack.
BONNNG!
You block the angel's attack.
PANG!
The angel hits you but does no damage. You block the angel's attack.
PANG!
The apis gores you!
You die...

▓.........
▓.))...}.).}:.▓......)..
▓..|.§..}:))..▓....)...[
▓...)..≈≈...?.▓..▓...†.▓
▓...≈....).)≈.▓.▓▓▓...▓▓
▓≈§≈≈.≈...≈≈..▓..▓.....▓
▓..≈.≈.§......▓.....©...
▓.≈..○☼AY.....▓▓▓▓▓▓▓▓▓▓
..▓.°A@.°.▓..▓...8©8...
▓ ▓≈▓...§.▓.▓ ▓..)|))}..
▓..▓.≈○.°≈≈▓..▓...=.|[..
▓..≈..≈.≈.≈...▓.........
▓.....≈©.≈≈.≈.▓.........
▓▓▓▓▓▓▓▓▓▓▓▓▓▓▓.........
▓......... ▓..▓...▓..
▓.........


You could see an apis and 2 angels.

Vanquished Creatures
  2 pearl dragons (D)
  A deep elf master archer (D)
  An acid blob (D)
  An azure jelly (D)
  3 daevas (D)
  A fire giant (D)
  A frost giant (D)
  A ghoul (D)
  2 ophanim (D)
  6 stone giants (D)
  2 merfolk javelineers (D)
  4 death oozes (D)
  2 great orbs of eyes (D)
  2 centaur warriors (D)
  2 two-headed ogres (D)
  A hell knight (D)
  2 soul eaters (D)
  A wretched star (D)
  2 skeletal warriors (D)
  A glowing orange brain (D)
  A necromancer (D)
  2 cyclopes (D)
  A shining eye (D)
  A cane toad (D)
  A smoke demon (D)
  7 yaktaurs (D)
  A hellion (D)
  A freezing wraith (D)
  A tormentor (D)
  4 trolls (D)
  A flying skull (D)
  2 ushabtiu (D)
  A yak (D)
  A golden eye (D)
  A large abomination (D)
  An acid dragon (D)
  3 water moccasins (D)
  2 small abominations (D)
  2 hell hounds (D)
  6 orc warriors (D)
  3 ice beasts (D)
  2 necrophages (D)
  An eye of draining (D)
  An ogre (D)
  3 centaurs (D)
  A phantom (D)
  A bullfrog (D)
  2 wights (D)
  2 crimson imps (D)
  2 jellies (D)
  3 quasits (D)
  An iron imp (D)
  7 orc wizards (D)
  4 mummies (D)
  4 adders (D)
  A shadow imp (D)
  9 white imps (D)
  2 ufetubi (D)
  2 oozes (D)
  An adder zombie (D)
  An adder skeleton (D)
  An orc (D)
  A spectral bat (D)
  6 bat skeletons (D)
  2 bat zombies (D)
  2 jackals (D)
  2 ball pythons (D)
  2 giant cockroach zombies (D)
  A leopard gecko zombie (D)
  A quokka skeleton (D)
  2 quokka zombies (D)
  A spectral giant cockroach (D)
  A spectral leopard gecko (D)
  A spectral quokka (D)
154 creatures vanquished.

Notes
Turn   | Place    | Note
-------+----------+-------------------------------------------
     0 | D        | wakim the Minotaur Fighter began the quest for the Orb.
     0 | D        | Reached XP level 1. HP: 19/19 MP: 0/0
     2 | D        | Found a blossoming altar of Fedhas.
     3 | D        | Found the +6 Majin-Bo {vamp, MP+6 Int+6}
     3 | D        | Found the +9 heavy crossbow "Sniper" {vorpal, Acc+∞ SInv}
     3 | D        | Found the +10 dark maul {vorpal}
     3 | D        | Found the +15 Maxwell's patent armour {-Cast -Tele rElec
                  | Will+ rCorr}
     3 | D        | Found the +18 shield of the Gong {rElec rN+ Will+ EV-5}
     3 | D        | Found the +14 obsidian axe {vorpal, *Drain +Fly SInv}
     3 | D        | Found the +7 great mace "Firestarter" {inner flame, rF++}
     3 | D        | Found the +6 shillelagh "Devastator" {shatter}
     3 | D        | Found the +11 plutonium sword {*Contam Stlth-}
     3 | D        | Found the +8 lance "Wyrmbane" {slay drac, rPois rF+ rC+
                  | AC+3}
     3 | D        | Found the +9 sword of Zonguldrok {reap}
     3 | D        | Found the +13 scythe of Curses {drain, *Drain}
     3 | D        | Found the +5 sword of Power {vorpal}
     3 | D        | Found the +7 mace of Variability {chain chaos}
     3 | D        | Found the +7 Singing Sword {vorpal, sonic wave}
     3 | D        | Found the +8 storm bow {elec, penet}
    36 | D        | Found a viscous altar of Jiyva.
    36 | D        | Found a hazy altar of Hepliaklqana.
    36 | D        | Found a transporter.
    36 | D        | Found an opulent altar of Gozag.
    36 | D        | Found an ancient bone altar of Kikubaaqudgha.
    36 | D        | Found a corrupted altar of Lugonu.
    50 | D        | Found a burning altar of Makhleb.
    59 | D        | Found a stormy altar of Qazlal.
    59 | D        | Found an iron altar of Okawaru.
    59 | D        | Found a sacrificial altar of Ru.
    59 | D        | Found a sparkling altar of Nemelex Xobeh.
    59 | D        | Found a shimmering blue altar of Sif Muna.
    59 | D        | Found a bloodstained altar of Trog.
    96 | D        | Became a worshipper of Qazlal Stormbringer
   171 | D        | Entered arena 2.
   171 | D        | Noticed an acid dragon
   171 | D        | Noticed a necromancer
   171 | D        | Found a transporter.
   175 | D        | Killed an acid dragon
   176 | D        | Reached skill level 5 in Maces & Flails
   176 | D        | Reached XP level 2. HP: 7/31 MP: 1/1
   176 | D        | Reached XP level 3. HP: 8/38 MP: 2/2
   176 | D        | Reached XP level 4. HP: 10/45 MP: 3/3
   185 | D        | HP: 1/45 [something (8)]
   188 | D        | Killed a necromancer
   189 | D        | Reached XP level 5. HP: 2/58 MP: 4/4
   189 | D        | Reached XP level 6. HP: 2/66 MP: 5/5
   189 | D        | Reached XP level 7. HP: 3/71 MP: 6/6
   518 | D        | Entered arena 3.
   518 | D        | Found a transporter.
   521 | D        | Reached * piety under Qazlal
   542 | D        | Entered arena 4.
   542 | D        | Found a transporter.
   548 | D        | Reached ** piety under Qazlal
   556 | D        | Reached skill level 10 in Fighting
   556 | D        | Reached skill level 10 in Armour
   556 | D        | Reached skill level 10 in Shields
   560 | D        | Reached skill level 10 in Maces & Flails
   569 | D        | Entered arena 5.
   569 | D        | Noticed a yaktaur
   569 | D        | Noticed a yaktaur
   569 | D        | Noticed a yaktaur
   569 | D        | Found a transporter.
   576 | D        | Killed a yaktaur
   576 | D        | Reached *** piety under Qazlal
   580 | D        | Killed a yaktaur
   581 | D        | Reached XP level 8. HP: 73/82 MP: 7/7
   582 | D        | Killed a yaktaur
   591 | D        | Entered arena 6.
   591 | D        | Found a transporter.
   596 | D        | Reached **** piety under Qazlal
   616 | D        | Entered arena 7.
   617 | D        | Found a transporter.
   622 | D        | Reached ***** piety under Qazlal
   629 | D        | Reached XP level 9. HP: 91/91 MP: 8/8
   657 | D        | Entered arena 8.
   657 | D        | Noticed a cane toad
   658 | D        | Found a transporter.
   663 | D        | Reached ****** piety under Qazlal
   666 | D        | Killed a cane toad
   671 | D        | Got the ring of Lies {rElec rF++ MP+9}
   675 | D        | Got the amulet "Oklamp" {Faith rElec rF- Str+5 Int+2}
   692 | D        | Entered arena 9.
   693 | D        | Found a transporter.
   702 | D        | Reached skill level 1 in Invocations
   782 | D        | Entered arena 10.
   783 | D        | Found a transporter.
   828 | D        | Entered arena 11.
   828 | D        | Noticed a glowing orange brain
   829 | D        | Found a transporter.
   834 | D        | Killed a glowing orange brain
   835 | D        | Reached skill level 5 in Invocations
   835 | D        | Reached XP level 10. HP: 102/102 MP: 12/12
   856 | D        | Got the amulet "Foodytis" {Fragile rN++ Will+ Regen+}
   876 | D        | Entered arena 12.
   876 | D        | Noticed a wretched star
   876 | D        | Noticed a smoke demon
   876 | D        | Noticed a great orb of eyes
   878 | D        | Found a transporter.
   891 | D        | Killed a smoke demon
   900 | D        | Killed a wretched star
   908 | D        | Killed a great orb of eyes
   978 | D        | Entered arena 13.
   978 | D        | Noticed a soul eater
   979 | D        | Noticed a soul eater
   979 | D        | Noticed a ghoul
   986 | D        | Found a transporter.
   991 | D        | Killed a soul eater
  1003 | D        | Killed a ghoul
  1004 | D        | Reached skill level 15 in Armour
  1004 | D        | Reached XP level 11. HP: 70/111 MP: 17/17
  1009 | D        | Killed a soul eater
  1010 | D        | Reached skill level 15 in Fighting
  1010 | D        | Reached skill level 15 in Shields
  1184 | D        | Entered arena 14.
  1185 | D        | Noticed a hell knight
  1190 | D        | Killed a hell knight
  1191 | D        | Reached skill level 15 in Maces & Flails
  1191 | D        | Reached skill level 10 in Invocations
  1192 | D        | Found a transporter.
  1207 | D        | Got the Papyrus of Supportive Dislocation
  1223 | D        | Entered arena 15.
  1223 | D        | Noticed a stone giant
  1224 | D        | Noticed a merfolk javelineer
  1224 | D        | Noticed a centaur warrior
  1224 | D        | Noticed a centaur warrior
  1225 | D        | Noticed a merfolk javelineer
  1225 | D        | Noticed a deep elf master archer
  1226 | D        | Found a transporter.
  1228 | D        | Killed a centaur warrior
  1229 | D        | Killed a merfolk javelineer
  1229 | D        | Killed a merfolk javelineer
  1230 | D        | Killed a deep elf master archer
  1236 | D        | Killed a stone giant
  1237 | D        | Reached XP level 12. HP: 73/124 MP: 6/20
  1241 | D        | Killed a centaur warrior
  1288 | D        | Entered arena 16.
  1288 | D        | Noticed an azure jelly
  1288 | D        | Noticed a death ooze
  1288 | D        | Noticed a death ooze
  1289 | D        | Noticed an acid blob
  1289 | D        | Noticed a death ooze
  1289 | D        | Noticed a death ooze
  1290 | D        | Noticed a great orb of eyes
  1291 | D        | Found the +10 zealot's sword {holy, *Rage rN+ EV+3}
  1291 | D        | Found a transporter.
  1295 | D        | Killed a death ooze
  1295 | D        | Killed a death ooze
  1295 | D        | Killed a great orb of eyes
  1296 | D        | Killed a death ooze
  1298 | D        | Killed an acid blob
  1308 | D        | Killed a death ooze
  1308 | D        | Killed an azure jelly
  1313 | D        | Got the amulet "Wuipt" {Spirit +Inv Int-3 Stlth+}
  1321 | D        | Got the Reference Book on Necromancy
  1336 | D        | Entered arena 17.
  1338 | D        | Noticed a stone giant
  1338 | D        | Noticed a stone giant
  1338 | D        | Noticed a stone giant
  1338 | D        | Noticed a stone giant
  1339 | D        | Noticed a frost giant
  1339 | D        | Noticed a two-headed ogre
  1339 | D        | Noticed a stone giant
  1340 | D        | Noticed a fire giant
  1340 | D        | Noticed a two-headed ogre
  1341 | D        | Found a transporter.
  1344 | D        | Killed a two-headed ogre
  1345 | D        | Reached skill level 15 in Invocations
  1345 | D        | Killed a two-headed ogre
  1345 | D        | Killed a frost giant
  1345 | D        | Killed a stone giant
  1346 | D        | Reached XP level 13. HP: 118/134 MP: 5/23
  1347 | D        | Killed a stone giant
  1353 | D        | Killed a stone giant
  1353 | D        | Killed a stone giant
  1357 | D        | Killed a stone giant
  1367 | D        | Killed a fire giant
  1496 | D        | Got the amulet of Yendor {rC- Regen+ Str+5}
  1499 | D        | Got the ring "Genoppeh" {rC+ rN+}
  1526 | D        | Entered arena 18.
  1531 | D        | Found the amulet of Vitality {Regen+ HP+15}
  1568 | D        | Found a transporter.
  1606 | D        | Entered arena 19.
  1608 | D        | Noticed an angel
  1608 | D        | Noticed an angel
  1608 | D        | Noticed a pearl dragon
  1608 | D        | Noticed an apis
  1609 | D        | Noticed a pearl dragon
  1609 | D        | Noticed an ophan
  1609 | D        | Noticed a daeva
  1609 | D        | Noticed an ophan
  1609 | D        | Noticed a daeva
  1609 | D        | Noticed a daeva
  1611 | D        | Killed a daeva
  1612 | D        | Killed a daeva
  1612 | D        | Killed an ophan
  1613 | D        | Killed an ophan
  1613 | D        | Killed a daeva
  1617 | D        | Killed a pearl dragon
  1618 | D        | Killed a pearl dragon
  1619 | D        | Reached XP level 14. HP: 9/146 MP: 14/26
  1623 | D        | HP: 3/146 [angel/+3 whip of holy wrath (10)]
  1625 | D        | Mangled by an apis

Illustrated notes

Levels and vault maps discovered:
D:        sprint_v [room_start, room_1, room_2, room_3, room_4, room_5, room_6,
          room_7, room_8, room_9, room_10, room_11, room_12, room_13, room_14,
          room_15, room_16, room_17, room_18, room_19, room_20, room_21,
          room_22, room_23, room_24, room_25, room_26, room_27]

Skill      XL: |  1  2  3  4  5  6  7  8  9 10 11 12 13 |
---------------+----------------------------------------+-----
Fighting       | 6 9 11 12 13 14 16 18 19 | 19.6
Maces & Flails | 5 9 11 12 13 14 16 17 19 | 19.4
Armour         | 6 9 11 12 13 15 16 18 19 | 19.6
Shields        | 6 9 11 12 13 14 16 17 19 | 19.5
Invocations    | 5 9 12 15 18 | 18.5

Action                   |  1- 3 |  4- 6 |  7- 9 | 10-12 | 13-15 || total
-------------------------+-------+-------+-------+-------+-------++-------
Melee: Lance             |     3 |    12 |   100 |   104 |    68 ||   287
       Headbutt          |       |     3 |    21 |    33 |    17 ||    74
Invok: Disaster Area     |       |       |       |     9 |     6 ||    15
  Use: Scroll            |       |       |       |       |     1 ||     1
Armor: Plate armour      |     1 |     2 |    99 |   121 |    85 ||   308
Dodge: Dodged            |       |       |    11 |    21 |    10 ||    42
       Repelled          |       |       |       |     3 |       ||     3
Block: Kite shield       |     6 |     7 |   256 |   307 |   200 ||   776

Table legend: (Time is in decaauts)
 A = Elapsed time spent in this place.
 B = Non-inter-level travel time spent in this place.
 C = Inter-level travel time spent in this place.
 D = Time resting spent in this place.
 E = Time spent auto-exploring this place.
 F = Levels seen in this place.
 G = Mean time per level.
                   A        B        C        D        E       F      G
               +--------+--------+--------+--------+--------+-----+--------+
         Total |   1657 |   1657 |      0 |    718 |      1 |   1 | 1657.0 |
       Dungeon |   1657 |   1657 |      0 |    718 |      1 |   1 | 1657.0 |
               +--------+--------+--------+--------+--------+-----+--------+

Top non-repeatable levels by time:
       D: 1657 daAuts
